 Dungeon Crawl Stone Soup version 0.25.1-9-gc5326a611f (webtiles) character file.

Game seed: 16548885798284775350

35294 growler the Geomancer (level 13, -10/91 HPs)
             Began as a Gargoyle Earth Elementalist on Dec 28, 2020.
             Was a High Priest of Vehumet.
             Mangled by a dire elephant (25 damage)
             ... on level 3 of the Lair of Beasts on Dec 29, 2020.
             The game lasted 01:16:44 (24246 turns).

growler the Geomancer (GrEE)                       Turns: 24246, Time: 01:16:45

Health: -10/91     AC: 19    Str: 18    XL:     13   Next: 82%
Magic:  17/20      EV: 14    Int: 21    God:    Vehumet [*****.]
Gold:   1007       SH:  0    Dex: 10    Spells: 2/22 levels left

rFire    . . .     SeeInvis .   V - +0 demon trident (elec)
rCold    . . .     Gourm    .   (no shield)
rNeg     + . .     Faith    .   Z - +0 acid dragon scales
rPois    ∞         Spirit   .   D - +1 helmet
rElec    +         Reflect  .   Y - +0 cloak
rCorr    +         Harm     .   f - +0 pair of gloves
MR       +....                  (no boots)
Stlth    +.........             X - amulet of the acrobat
HPRegen  0.25/turn              l - ring of protection from magic
MPRegen  0.17/turn              o - +6 ring of strength

@: no status effects
A: negative energy resistance 1, electricity resistance, unbreathing,
petrification resistance, rot immunity, AC +9
a: Renounce Religion


You were on level 3 of the Lair of Beasts.
You worshipped Vehumet.
Vehumet was extremely pleased with you.
You were near starving.

You visited 3 branches of the dungeon, and saw 18 of its levels.
You also visited: Sewer.

You collected 1007 gold pieces.

Inventory:

Hand Weapons
 B - a +0 morningstar
   (You took it off an orc on level 4 of the Dungeon)
 V - a +0 demon trident of electrocution (weapon)
   (You found it on level 11 of the Dungeon)
Missiles
 b - 152 stones (quivered)
 A - 3 throwing nets {!f}
Armour
 f - a +0 pair of gloves (worn)
   (You found it on level 1 of the Dungeon)
 j - a +2 robe
   (You took it off Sigmund on level 2 of the Dungeon)
 D - a +1 helmet (worn)
   (You found it on level 10 of the Dungeon)
 Y - a +0 cloak (worn)
   (You found it on level 2 of the Lair of Beasts)
 Z - +0 acid dragon scales (worn)
   (You found it on level 2 of the Lair of Beasts)
Jewellery
 i - an uncursed ring of wizardry
   (You found it on level 2 of the Dungeon)
 l - a ring of protection from magic (left hand)
   (You took it off a centaur on level 11 of the Dungeon)
 o - a +6 ring of strength (right hand)
   (You found it on level 3 of the Dungeon)
 E - an uncursed ring of ice
   (You found it on level 5 of the Dungeon)
 L - an uncursed ring of positive energy
   (You found it on level 8 of the Dungeon)
 X - an amulet of the acrobat (around neck)
   (You found it on level 1 of the Lair of Beasts)
Wands
 c - a wand of disintegration (30)
   (You found it on level 3 of the Dungeon)
 t - a wand of flame (27)
   (You found it on level 9 of the Dungeon)
 u - a wand of paralysis (4)
   (You found it on level 3 of the Lair of Beasts)
 x - a wand of acid (3)
   (You took it off Ijyb on level 3 of the Dungeon)
 J - a wand of enslavement (9)
   (You found it on level 8 of the Dungeon)
 Q - a wand of polymorph (20)
   (You found it on level 10 of the Dungeon)
Scrolls
 d - a scroll of enchant weapon {unknown}
 k - a scroll of noise {!r}
 m - 5 scrolls of remove curse {@r2}
 n - 4 scrolls of identify {@r1}
 p - 2 scrolls of blinking
 q - 2 scrolls of fear {unknown}
 r - 3 scrolls of immolation {!r}
 y - a scroll of acquirement {unknown}
 F - a scroll of fog {unknown}
 G - 4 scrolls of teleportation {@r4}
 H - 2 scrolls of magic mapping
 M - a scroll of enchant armour {unknown}
 N - a scroll of torment {unknown}
 O - a scroll of silence {unknown}
 S - a scroll of summoning {unknown}
 T - 2 scrolls of amnesia
Potions
 a - 8 potions of brilliance
 g - a potion of lignification {!q}
 h - 8 potions of curing {@q1}
 s - 2 potions of ambrosia
 v - 2 potions of stabbing
 w - 5 potions of flight
 z - 8 potions of might
 C - a potion of resistance
 I - a potion of haste {@q3}
 R - a potion of mutation {!q}
 U - 9 potions of heal wounds {@q2}
 W - a potion of cancellation {unknown}
Comestibles
 e - 30 rations {!d}


   Skills:
 + Level 14.5 Fighting
 + Level 7.9 Polearms
 - Level 7.0 Dodging
 - Level 2.1 Stealth
 - Level 5.0 Spellcasting
 - Level 7.0 Conjurations
 - Level 0.7 Transmutations
 + Level 14.6 Earth Magic


You had 2 spell levels left.
You knew the following spells:

 Your Spells              Type           Power        Failure   Level  Hunger
a - Sandblast             Erth           ######       1%          1    None
b - Petrify               Tmut/Erth      #####...     6%          4    ####...
c - Lee's Rapid Deconstr  Erth           ######....   1%          5    #####..
d - Bolt of Magma         Conj/Fire/Erth #####.....   5%          5    #####..
q - Passwall              Tmut/Erth      #####...     1%          2    None
x - Stone Arrow           Conj/Erth      ######       1%          3    ##.....

Your spell library contained the following spells:

 Spells                   Type           Power        Failure   Level  Hunger
 Iskenderun's Mystic Bla  Conj/Tloc      ###.....     9%          4    ####...
 Beastly Appendage        Tmut           #.....       11%         1    None
 Sticks to Snakes         Tmut           #.......     16%         2    None
 Irradiate                Conj/Tmut      ###.......   21%         5    #####..
 Spider Form              Tmut/Pois      #.........   36%         3    ##.....
 Yara's Violent Unravell  Hex/Tmut       #.........   61%         5    #####..
 Ice Form                 Ice/Tmut       #.......     77%         4    ####...
 Cause Fear               Hex            #.........   80%         4    ####...
 Blade Hands              Tmut           #.........   96%         5    #####..
 Silence                  Hex/Air        #.........   98%         5    #####..
 Hydra Form               Tmut           #.........   100%        6    #######
 Dragon Form              Tmut           #.........   100%        7    #######
 Discord                  Hex            #.........   100%        8    #######
 Statue Form              Tmut/Erth      Unusable     N/A         6    N/A

Dungeon Overview and Level Annotations

Branches:
Dungeon (12/15)            Temple (1/1) D:6            Lair (5/6) D:9
  Swamp (0/4) Lair:4        Snake (0/4) Lair:2        Sewer (visited)
  Slime: Lair:5-6       Orc: D:9-12

Altars:
Ashenzari
Cheibriados
Dithmenos
Elyvilon
Fedhas
Gozag
Hepliaklqana
Kikubaaqudgha
Makhleb
Okawaru
Qazlal
Ru
Sif Muna
Trog
Uskayaw
Vehumet
Wu Jian
Xom
Yredelemnul
Zin
The Shining One

Shops:
D:8 (   D:9 =

Portals:
Trove: D:10 (give 2 scrolls of acquirement)

Annotations:
D:11 Fannar


Innate Abilities, Weirdness & Mutations

You are resistant to torment.
Your stone body is resilient. (AC +9)
You are immune to poison.
You resist negative energy. (rN+)
You are resistant to electric shocks. (rElec)
You can survive without breathing.
You are immune to petrification.
You are immune to rotting.


Message History

The blast of sand hits the dire elephant but does no damage.
b - 154 stones The dire elephant barely misses you.
The dire elephant closely misses you.
There is a stone staircase leading up here.
The dire elephant tramples you but does no damage.
The dire elephant trunk-slaps you but does no damage.
You climb upwards.
There is a stone staircase leading down here.
The dire elephant barely misses you.
The dire elephant completely misses you.
Aim: a dire elephant (moderately wounded)
The blast of sand hits the dire elephant!
b - 153 stones The dire elephant tramples you but does no damage.
The dire elephant trunk-slaps you.
Aim: a dire elephant (moderately wounded)
The blast of sand hits the dire elephant.
b - 152 stones The dire elephant tramples you!!
You stumble backwards!
You hit the dire elephant. The dire elephant tramples you!!
* * * LOW HITPOINT WARNING * * *
You stumble backwards!
You feel much better. The dire elephant tramples you!
* * * LOW HITPOINT WARNING * * *
You stumble backwards!
The dire elephant barely misses you.
The dire elephant trunk-slaps you but does no damage.
You climb upwards.
There is a stone staircase leading down here.
You see here a chain mail.
You are near starving!
There is an escape hatch in the ceiling here.
You see here a scale mail.
There is an escape hatch in the ceiling here.
A spiny frog comes into view.
Aim: a spiny frog (wandering, hasn't noticed you, chance to defeat MR: 65%)
The spiny frog gives a loud, deep croak!
The spiny frog is moving more slowly.
The dire elephant tramples you!!
* * * LOW HITPOINT WARNING * * *
You stumble backwards!
The spiny frog stops moving altogether!
Okay, then.
The spiny frog stings the plant but does no damage.
A rock wall.
The dire elephant tramples you!!
* * * LOW HITPOINT WARNING * * *
You hold your ground!
The dire elephant barely misses you.
You begin to meditate on the wall.
You continue meditating on the rock.
The spiny frog completely misses you. The dire elephant tramples you!!
You die...

##...#..........
#P.#####........ ###
####..####........
####.####P#...>...........
#.........................
##........................
#............#.##........
#####.#FY#...###.........
####@#...####........
#########...#..#........
##..P#..##...............
##............#..#........
#.............####........
##..........>.# #.........
#............####....##..
#.............###...###P.
#...................####.


You could see a dire elephant and a spiny frog.

Vanquished Creatures
  3 hydras
  2 ugly things (D:11)
  2 manticores (D:11)
  14 elephants
  2 black mambas (Lair:1)
  6 spiny frogs
  4 komodo dragons
  A rime drake (Lair:1)
  A queen bee (Lair:5)
  3 meliai (Lair:5)
  22 blink frogs
  4 dream sheep (Lair:4)
  11 hippogriffs
  Sigmund (D:2)
  21 yaks
  A spriggan (Lair:5)
  2 wyverns
  A vampire (D:11)
  A wraith (D:11)
  A steam dragon (Lair:4)
  5 basilisks
  2 hungry ghosts
  3 nagas (Lair:2)
  3 swamp worms (Lair:4)
  10 water moccasins
  12 porcupines
  4 sky beasts
  2 orc warriors
  2 phantoms
  A hornet zombie (D:11)
  6 ogres
  3 ice beasts
  2 black bears
  5 centaurs
  7 crocodiles
  2 big kobolds
  22 bullfrogs
  2 scorpions
  22 killer bees
  8 wights
  11 crimson imps
  A bullfrog zombie (D:6)
  3 centaur skeletons
  8 hounds
  4 jellies
  2 bullfrog skeletons
  4 orc priests
  Terence (D:3)
  Ijyb (D:3)
  5 iguanas
  7 orc wizards
  9 worker ants
  A killer bee zombie (D:8)
  A worker ant zombie (D:5)
  Robin (D:3)
  17 adders
  10 gnolls
  3 river rats (Sewer)
  3 shadow imps
  2 adder zombies
  An adder skeleton (D:8)
  6 worms
  3 dart slugs
  7 leopard geckos
  29 orcs
  10 ball pythons
  8 bats
  2 giant cockroaches
  22 goblins
  10 hobgoblins
  15 jackals
  2 quokkas
  11 frilled lizards
  A goblin zombie (D:5)
  A jackal zombie (D:5)
  31 kobolds
  A quokka zombie (D:5)
  34 rats
  A rat zombie (D:5)
  A plant (Lair:1)
516 creatures vanquished.

Vanquished Creatures (others)
  50 fungi
  12 plants
62 creatures vanquished.

Grand Total: 578 creatures vanquished

Notes
Turn   | Place    | Note
-------+----------+-------------------------------------------
     0 | D:1      | growler the Gargoyle Earth Elementalist began the quest for
                  | the Orb.
     0 | D:1      | Reached XP level 1. HP: 10/10 MP: 3/3
   301 | D:1      | Reached XP level 2. HP: 10/15 MP: 3/5
   486 | D:1      | Learned a level 2 spell: Passwall
   873 | D:1      | Reached XP level 3. HP: 11/19 MP: 4/6
  1006 | D:1      | Learned a level 3 spell: Stone Arrow
  1925 | D:2      | Found a shimmering blue altar of Sif Muna.
  1925 | D:2      | Found a bloodstained altar of Trog.
  1926 | D:2      | Found a burning altar of Makhleb.
  1928 | D:2      | Reached skill level 1 in Conjurations
  1929 | D:2      | Noticed Sigmund
  2032 | D:2      | Killed Sigmund
  2032 | D:2      | Reached skill level 5 in Earth Magic
  2032 | D:2      | Reached XP level 4. HP: 24/24 MP: 1/9
  2032 | D:2      | Reached XP level 5. HP: 28/28 MP: 1/10
  2061 | D:2      | Found a hide-covered altar of Uskayaw.
  2288 | D:2      | You fall into a shaft and drop 1 floor!
  2350 | D:3      | Found a shadowy altar of Dithmenos.
  2395 | D:3      | Reached XP level 6. HP: 32/32 MP: 7/11
  2863 | D:3      | Noticed Robin
  2883 | D:3      | Killed Robin
  3232 | D:3      | Noticed Terence
  3232 | D:3      | Noticed Ijyb
  3240 | D:3      | Killed Ijyb
  3438 | D:3      | Learned a level 4 spell: Petrify
  3938 | D:4      | Reached XP level 7. HP: 36/36 MP: 5/13
  4076 | D:4      | Found a glowing drain.
  4088 | Sewer    | Entered a sewer
  5385 | D:3      | Killed Terence
  5898 | D:4      | Learned a level 5 spell: Lee's Rapid Deconstruction
  6045 | D:4      | Reached skill level 5 in Spellcasting
  6045 | D:4      | Reached skill level 5 in Conjurations
  6047 | D:4      | Reached XP level 8. HP: 41/41 MP: 2/15
  7108 | D:5      | Entered Level 5 of the Dungeon
  9106 | D:6      | Reached XP level 9. HP: 45/45 MP: 9/16
  9302 | D:6      | Found a staircase to the Ecumenical Temple.
  9325 | Temple   | Entered the Ecumenical Temple
  9399 | Temple   | Became a worshipper of Vehumet
  9571 | D:6      | Reached skill level 1 in Fighting
  9576 | D:6      | Reached skill level 10 in Earth Magic
 10335 | D:7      | Reached * piety under Vehumet
 10335 | D:7      | Offered knowledge of Shock by Vehumet.
 11179 | D:8      | Reached skill level 5 in Fighting
 11484 | D:8      | Reached XP level 10. HP: 60/60 MP: 14/17
 11791 | D:8      | Offered knowledge of Foxfire by Vehumet.
 11805 | D:8      | Reached ** piety under Vehumet
 12314 | D:8      | Found Coet's Antique Weapon Boutique.
 13022 | D:9      | Found Toff's Jewellery Emporium.
 13036 | D:9      | Found an iron altar of Okawaru.
 13287 | D:8      | Offered knowledge of Frozen Ramparts by Vehumet.
 13542 | D:9      | Noticed an elephant
 13603 | D:9      | Killed an elephant
 13603 | D:9      | Reached *** piety under Vehumet
 13603 | D:9      | Reached skill level 10 in Fighting
 13603 | D:9      | Reached XP level 11. HP: 63/72 MP: 3/18
 13822 | D:9      | Found a staircase to the Lair.
 13938 | D:10     | Entered Level 10 of the Dungeon
 14494 | D:10     | Reached skill level 5 in Dodging
 14818 | D:10     | Found a portal to a secret trove of treasure.
 15289 | D:11     | Noticed a brown ugly thing
 15294 | D:11     | Killed a brown ugly thing
 15591 | D:11     | Offered knowledge of Fulminant Prism by Vehumet.
 15916 | D:11     | Noticed Fannar
 15938 | D:11     | Noticed a green ugly thing
 16145 | D:11     | Noticed a manticore
 16151 | D:11     | Killed a manticore
 16451 | D:11     | Noticed a manticore
 16455 | D:11     | Killed a manticore
 16841 | D:11     | Killed a green ugly thing
 16841 | D:11     | Reached skill level 1 in Polearms
 17027 | Lair:1   | Entered Level 1 of the Lair of Beasts
 17035 | Lair:1   | Reached **** piety under Vehumet
 17064 | Lair:1   | Found a gate leading to a gauntlet.
 17183 | Lair:1   | Reached XP level 12. HP: 17/81 MP: 8/19
 17959 | Lair:1   | Offered knowledge of Bolt of Magma by Vehumet.
 18120 | Lair:1   | Learned a level 5 spell: Bolt of Magma
 18382 | Lair:1   | Noticed a six-headed hydra
 18387 | Lair:1   | Killed a six-headed hydra
 18590 | Lair:1   | Got a scorched trident
 19779 | Lair:2   | Reached skill level 5 in Polearms
 19874 | Lair:2   | Found a staircase to the Snake Pit.
 20186 | Lair:2   | Reached ***** piety under Vehumet
 20981 | Lair:3   | Offered knowledge of Iskenderun's Mystic Blast by Vehumet.
 21031 | Lair:3   | Reached XP level 13. HP: 49/88 MP: 2/20
 23191 | Lair:4   | Found a staircase to the Swamp.
 24085 | Lair:5   | Noticed a dire elephant
 24246 | Lair:3   | Mangled by a dire elephant

Illustrated notes

Levels and vault maps discovered:
D:1:      saegor_arrival_simple_e, layout_basic, serial_bayou,
          serial_bayou_ford_a, serial_bayou_pond_c, serial_bayou_pond_d,
          serial_bayou_shore_a, minmay_close_crescents
D:2:      layout_rooms, grunt_temple_overflow_open, first_ration, uniq_sigmund
D:3:      kennysheep_goblin_castle, layout_basic, grunt_dithmenos_smoke,
          uniq_terence, uniq_robin, uniq_ijyb
D:4:      layout_gridville, portal_sewer_entry_e, corexii_leaking_fountain
D:5:      layout_basic, enter_ossuary_4, minmay_lizard_king
D:6:      layout_cave_pools, minmay_temple_entry_statues
D:7:      layout_cave_pools, grunt_ogre_cave
D:8:      layout_layer_cave, serial_shops, nicolae_shop_trees
D:9:      minmay_distorted_concentric_squares, layout_rooms, old_standard_altar,
          david_lair_generic, serial_shops, shop
D:10:     layout_roguey, trove_entry_hex_spiral
D:11:     layout_loops_cross, uniq_fannar
D:12:     layout_basic, orc_david_3, basic_altar, serial_bayou_lagoon_a,
          uniq_maurice
Temple:   eino_temple_rhombus
Lair:1:   cheibrodos_lair_river_kwai, layout_cave_pods, gauntlet_entry_generic
Lair:2:   layout_cave_pods, guppyfry_snake_entry_garden
Lair:3:   layout_small_grid, minmay_hedge_maze
Lair:4:   layout_regular_city, palyth_hydra_swamp_entry, grunt_megastairs_1
Lair:5:   mu_elephants_graveyard, layout_cave_pods, special_room
          [special_room_bee], minmay_holes, st_stairs_11

Skill      XL: |  1  2  3  4  5  6  7  8  9 10 11 12 13 |
---------------+----------------------------------------+-----
Earth Magic    | 4 5 6 7 9 11 12 13 14 | 14.6
Conjurations   | 2 3 5 7 |  7.0
Spellcasting   | 3 4 5 |  5.0
Fighting       | 6 10 12 13 14 | 14.5
Dodging        | 3 6 7 |  7.0
Polearms       | 2 5 7 |  7.9
Stealth        | |  2.1
Transmutations | |  0.7

Action                   |  1- 3 |  4- 6 |  7- 9 | 10-12 | 13-15 || total
-------------------------+-------+-------+-------+-------+-------++-------
Melee: Unarmed           |   185 |    40 |   132 |       |       ||   357
       Dagger            |       |       |    98 |    56 |       ||   154
       Spear             |       |       |     6 |       |       ||     6
       Demon trident     |       |       |       |   122 |   220 ||   342
 Cast: Sandblast         |    28 |    61 |   101 |   167 |    42 ||   399
       Stone Arrow       |       |     8 |   155 |   185 |    34 ||   382
       Petrify           |       |       |     1 |       |     1 ||     2
       Lee's Rapid Decon |       |       |     2 |    12 |     7 ||    21
       Passwall          |       |       |       |       |     1 ||     1
Evoke: Wand              |       |     2 |       |       |       ||     2
  Use: Scroll            |     2 |       |     7 |    13 |       ||    22
       Potion            |       |       |       |     1 |     1 ||     2
 Stab: Sleeping          |     3 |     2 |     1 |       |       ||     6
       Petrified         |       |       |    10 |       |       ||    10
       Distracted        |       |       |       |     1 |       ||     1
  Eat: Chunk             |     4 |     6 |    27 |    30 |    12 ||    79
       Ration            |       |       |     2 |     4 |       ||     6
Armor: Robe              |    80 |    29 |   175 |   197 |       ||   481
       Acid dragon scale |       |       |       |    28 |   136 ||   164
Dodge: Dodged            |   158 |    41 |   269 |   321 |   209 ||   998
